 Dungeon Crawl Stone Soup version 0.31.0-32-g396128a36d (webtiles) character file.

Game seed: 2403797147459251395

12294817 Gabide the Conqueror (level 27, 245/245 HPs)
             Began as a Demigod Hunter on Mar 26, 2024.
             Escaped with the Orb
             ... and 15 runes on Apr 1, 2024!
             The game lasted 08:21:13 (132332 turns).

Gabide the Conqueror (Demigod Hunter)             Turns: 132332, Time: 08:21:14

Health: 245/245    AC: 33    Str: 12    XL:     27
Magic:  27/27      EV: 79    Int: 13    God:
Gold:   9064       SH:  0    Dex: 63    Spells: 26/26 levels left

rFire   + + .        b - +6 sword of Cerebov {flame}
rCold   . . .        (shield currently unavailable)
rNeg    + + +        F - +5 steam dragon scales
rPois   .            A - +3 hat of the Shishi {Dex+5}
rElec   .            d - +4 dragonskin cloak
rCorr   .            z - +3 pair of gauntlets of War {Slay+5}
SInv    .            B - +2 pair of boots of Zebraw {Int+2}
Will    ++...        L - macabre finger necklace {Finger+ rN+}
Stlth   ++++         J - ring of Ipelos {Fly rF++ rN+++ Dex-5}
HPRegen 0.60/turn    f - +9 ring of slaying
MPRegen 0.20/turn    v - +10 ring of dexterity

%: no passive effects
@: flying, studying 2 skills
A: high MP 1, forlorn, divine attributes, frail 1, no potion heal 1
0: Orb of Zot
}: 15/15 runes: serpentine, barnacled, slimy, silver, golden, iron, obsidian,
icy, bone, abyssal, demonic, glowing, magical, fiery, dark
a: no special abilities


You escaped.
You visited 18 branches of the dungeon, and saw 87 of its levels.
You visited Pandemonium 1 time, and saw 21 of its levels.
You visited the Abyss 1 time.
You also visited: Trove, Gauntlet, Ice Cave, Volcano and Desolation.

You collected 21537 gold pieces.
You spent 12473 gold pieces at shops.

Inventory:

Hand Weapons
 a - a +9 longbow of electrocution
 b - the +6 sword of Cerebov (weapon) {flame}
   (You took it off Cerebov in Pandemonium)
 g - the +8 autumn katana {manifold assault}
   (You took it off an ogre mage on level 2 of the Depths)
 i - a +6 triple crossbow of draining
 r - a +5 quick blade of electrocution
 s - a +2 heavy longbow
 O - a +2 spectral quick blade
Missiles
 l - 4 throwing nets
Armour
 d - the +4 dragonskin cloak (worn)
   (You took it off Tiamat on level 3 of the Realm of Zot)

   Avatar's Aegis: It grants the wearer a chance to resist fire, cold, poison,
   electricity, acid, and negative energy.
 j - a +2 hat of willpower
 w - the orb of Dispater {+Damnation *Corrode AC+5}
   (You took it off Dispater on level 7 of the Iron City of Dis)

   +Damnation: It grants the ability to hurl damnation at the cost of health and
   magic, with strength depending on Evocations skill.
   AC+5:      It affects your AC (+5).
   *Corrode:  It may corrode you when you take damage.
 z - the +3 pair of gauntlets of War (worn) {Slay+5}
   (You found it on level 3 of the Elven Halls)

   Slay+5:    It affects your accuracy & damage with ranged weapons and melee
   (+5).
 A - the +3 hat of the Shishi (worn) {Dex+5}
   (You found it in Pandemonium)

   Dex+5:     It affects your dexterity (+5).
 B - the +2 pair of boots of Zebraw (worn) {Int+2}
   (You found it on level 3 of the Elven Halls)

   Int+2:     It affects your intelligence (+2).
 F - +5 steam dragon scales (worn)
 I - quicksilver dragon scales
Jewellery
 c - the ring of Ceurch {rCorr Str+6 Slay+4 Stlth+}
   (You found it in Pandemonium)

   [ring of strength]

   Str+6:     It affects your strength (+6).
   Slay+4:    It affects your accuracy & damage with ranged weapons and melee
   (+4).
   rCorr:     It protects you from acid and corrosion.
   Stlth+:    It makes you more stealthy.
 f - a +9 ring of slaying (right hand)
 o - the amulet of Vitality {RegenMP++ Regen++}
   (You found it on level 2 of the Depths)

   [amulet of magic regeneration]

   RegenMP:   It increases your rate of magic regeneration.
   Regen++:   It increases your rate of health regeneration.
 u - a +4 ring of slaying
 v - a +10 ring of dexterity (on amulet)
 x - the ring "Myt Wock" {rF+ Int+4 Dex+2 Stlth+}
   (You found it in a Gauntlet)

   [ring of protection from fire]

   Int+4:     It affects your intelligence (+4).
   Dex+2:     It affects your dexterity (+2).
   rF+:       It protects you from fire.
   Stlth+:    It makes you more stealthy.
 E - the ring "Melac" {rPois Dex+3}
   (You found it on level 7 of the Iron City of Dis)

   [ring of poison resistance]

   Dex+3:     It affects your dexterity (+3).
   rPois:     It protects you from poison
 J - the ring of Ipelos (left hand) {Fly rF++ rN+++ Dex-5}
   (You found it in a Gauntlet)

   [ring of flight]

   Dex-5:     It affects your dexterity (-5).
   rF++:      It greatly protects you from fire.
   rN+++:     It renders you almost immune to negative energy.
   Fly:       It grants you flight.
 L - the macabre finger necklace (around neck) {Finger+ rN+}
   (You bought it in a shop on level 4 of the Depths)

   [amulet of nothing]

   Finger+:   It enables you to equip an extra ring.
   rN+:       It protects you from negative energy.
 S - the ring "Guqutit" {rC+ Int+2 Dex+3}
   (You took it off a merfolk on level 4 of the Shoals)

   [ring of protection from cold]

   Int+2:     It affects your intelligence (+2).
   Dex+3:     It affects your dexterity (+3).
   rC+:       It protects you from cold.
 T - a +6 ring of strength
 U - the amulet of the Four Winds {rN+ Will+++ Clar}
   (You took it off a deep elf demonologist on level 3 of the Elven Halls)

   [amulet of nothing]

   rN+:       It protects you from negative energy.
   Will+++:   It greatly increases your willpower.
   Clar:      It protects you from confusion, rage, mesmerisation and fear.
 W - the ring "Novofourph" {Will+ AC+4}
   (You found it on level 15 of the Dungeon)

   [ring of protection]

   AC+4:      It affects your AC (+4).
   Will+:     It increases your willpower.
 Y - the ring of Rublus {rPois rC+ Dex+6}
   (You found it on level 4 of the Depths)

   [ring of dexterity]

   Dex+6:     It affects your dexterity (+6).
   rC+:       It protects you from cold.
   rPois:     It protects you from poison
Wands
 t - a wand of light (49)
 y - a wand of digging (23)
Scrolls
 e - 8 scrolls of revelation
 m - a scroll of butterflies
 p - 6 scrolls of silence
 C - a scroll of blinking
 D - 18 scrolls of teleportation
 R - 18 scrolls of fear
Potions
 h - 3 potions of haste
 n - 14 potions of enlightenment
 G - 5 potions of ambrosia
 H - 7 potions of might
 K - 4 potions of curing
 M - 13 potions of lignification
 P - 2 potions of cancellation
 Q - a potion of invisibility
Miscellaneous
 q - a figurine of a ziggurat
 N - a phial of floods
 V - a condenser vane
 X - a lightning rod (4/4)
 Z - a phantom mirror (inert)


   Skills:
 O Level 27 Fighting
 - Level 26.5(27) Short Blades
 O Level 27 Long Blades
 O Level 27 Ranged Weapons
 + Level 22.4 Armour
 O Level 27 Dodging
 O Level 27 Stealth


You had 26 spell levels left.
You didn't know any spells.
Your spell library contained the following spells:

 Spells                   Type           Power      Damage    Failure   Level
 Apportation              Tloc           0%         N/A       30%         1
 Freeze                   Ice            0%         1d3       30%         1
 Kiss of Death            Conj/Necr      0%         2d5       30%         1
 Magic Dart               Conj           0%         1d3       30%         1
 Necrotise                Necr           0%         1d4       30%         1
 Sandblast                Erth           0%         2d4       30%         1
 Shock                    Conj/Air       0%         1d3       30%         1
 Slow                     Hex            0%         N/A       30%         1
 Sting                    Conj/Alch      0%         1d3       30%         1
 Summon Small Mammal      Summ           0%         N/A       30%         1
 Blink                    Tloc           0%         N/A       43%         2
 Call Imp                 Summ           0%         N/A       43%         2
 Cigotuvi's Dreadful Rot  Necr/Alch/Air  0%         N/A       43%         2
 Ensorcelled Hibernation  Hex/Ice        0%         N/A       43%         2
 Jinxbite                 Hex            0%         N/A       43%         2
 Lesser Beckoning         Tloc           0%         N/A       43%         2
 Mercury Vapours          Alch/Air       0%         N/A       43%         2
 Momentum Strike          Conj/Tloc      0%         3d8       43%         2
 Searing Ray              Conj           0%         2d4       43%         2
 Static Discharge         Conj/Air       0%         3-3/arc   43%         2
 Sublimation of Blood     Necr           0%         N/A       43%         2
 Call Canine Familiar     Summ           0%         N/A       67%         3
 Confusing Touch          Hex            0%         N/A       67%         3
 Dazzling Flash           Conj/Hex       0%         N/A       67%         3
 Frozen Ramparts          Ice            0%         1d1       67%         3
 Fugue of the Fallen      Necr           0%         N/A       67%         3
 Gell's Gravitas          Tloc           0%         N/A       67%         3
 Hailstorm                Conj/Ice       0%         3d5       67%         3
 Inner Flame              Hex/Fire       0%         N/A       67%         3
 Mephitic Cloud           Conj/Alch/Air  0%         N/A       67%         3
 Ozocubu's Armour         Ice            0%         N/A       67%         3
 Passwall                 Erth           0%         N/A       67%         3
 Sigil of Binding         Hex            0%         N/A       67%         3
 Stone Arrow              Conj/Erth      0%         3d7       67%         3
 Summon Ice Beast         Ice/Summ       0%         N/A       67%         3
 Swiftness                Air            0%         N/A       67%         3
 Teleport Other           Tloc           0%         N/A       67%         3
 Tukima's Dance           Hex            0%         N/A       67%         3
 Vampiric Draining        Necr           0%         2d6       67%         3
 Volatile Blastmotes      Fire/Tloc      0%         2d10      67%         3
 Airstrike                Air            0%         2d(0-16)  97%         4
 Anguish                  Hex/Necr       0%         N/A       97%         4
 Animate Armour           Summ/Erth      0%         N/A       97%         4
 Animate Dead             Necr           0%         N/A       97%         4
 Brom's Barrelling Bould  Conj/Erth      0%         2d3       97%         4
 Cause Fear               Hex            0%         N/A       97%         4
 Dimensional Bullseye     Hex/Tloc       0%         N/A       97%         4
 Dispel Undead            Necr           0%         3d6       97%         4
 Flame Wave               Conj/Fire      0%         2d4       97%         4
 Ignite Poison            Fire/Alch      0%         N/A       97%         4
 Iskenderun's Mystic Bla  Conj/Tloc      0%         2d3       97%         4
 Leda's Liquefaction      Alch/Erth      0%         N/A       97%         4
 Martyr's Knell           Necr/Summ      0%         N/A       97%         4
 Olgreb's Toxic Radiance  Alch           0%         N/A       97%         4
 Passage of Golubria      Tloc           0%         N/A       97%         4
 Petrify                  Alch/Erth      0%         N/A       97%         4
 Sticky Flame             Fire/Alch      0%         2d4       97%         4
 Summon Blazeheart Golem  Fire/Summ      0%         N/A       97%         4
 Summon Lightning Spire   Summ/Air       0%         N/A       97%         4
 Vhi's Electric Charge    Tloc/Air       0%         N/A       97%         4
 Alistair's Intoxication  Alch           0%         N/A       100%        5
 Arcjolt                  Conj/Air       0%         1d10      100%        5
 Borgnjor's Vile Clutch   Necr/Erth      0%         N/A       100%        5
 Curse of Agony           Necr           0%         N/A       100%        5
 Freezing Cloud           Conj/Ice/Air   0%         6-21      100%        5
 Irradiate                Conj/Alch      0%         3d11      100%        5
 Iskenderun's Battlesphe  Conj           0%         2d6       100%        5
 Lee's Rapid Deconstruct  Erth           0%         3d4*      100%        5
 Metabolic Englaciation   Hex/Ice        0%         N/A       100%        5
 Silence                  Hex/Air        0%         N/A       100%        5
 Summon Forest            Summ/Tloc      0%         N/A       100%        5
 Summon Mana Viper        Hex/Summ       0%         N/A       100%        5
 Yara's Violent Unravell  Hex/Alch       0%         3d3       100%        5
 Bombard                  Conj/Erth      0%         9d1       100%        6
 Conjure Ball Lightning   Conj/Air       0%         3x3d6     100%        6
 Death Channel            Necr           0%         N/A       100%        6
 Dispersal                Tloc           0%         N/A       100%        6
 Eringya's Noxious Bog    Alch           0%         4d6       100%        6
 Plasma Beam              Fire/Air       0%         2x1d10    100%        6
 Sculpt Simulacrum        Ice/Alch       0%         N/A       100%        6
 Starburst                Conj/Fire      0%         6d3       100%        6
 Summon Cactus Giant      Summ           0%         N/A       100%        6
 Enfeeble                 Hex            0%         N/A       100%        7
 Haunt                    Necr/Summ      0%         N/A       100%        7
 Malign Gateway           Summ/Tloc      0%         N/A       100%        7
 Monstrous Menagerie      Summ           0%         N/A       100%        7
 Orb of Destruction       Conj           0%         9d5       100%        7
 Ozocubu's Refrigeration  Ice            0%         4d7       100%        7
 Spellforged Servitor     Conj/Summ      0%         N/A       100%        7
 Summon Hydra             Summ           0%         N/A       100%        7
 Borgnjor's Revivificati  Necr           0%         N/A       100%        8
 Discord                  Hex            0%         N/A       100%        8
 Disjunction              Tloc           0%         N/A       100%        8
 Ignition                 Fire           0%         3d3       100%        8
 Infestation              Necr           0%         N/A       100%        8
 Lehudib's Crystal Spear  Conj/Erth      0%         10d2      100%        8
 Maxwell's Capacitive Co  Air            0%         ∞         100%        8
 Summon Horrible Things   Summ           0%         N/A       100%        8
 Chain Lightning          Conj/Air       0%         N/A       100%        9
 Death's Door             Necr           0%         N/A       100%        9
 Dragon's Call            Summ           0%         N/A       100%        9
 Fire Storm               Conj/Fire      0%         5d1       100%        9
 Polar Vortex             Ice            0%         N/A       100%        9
 Shatter                  Erth           0%         3d5*      100%        9


Dungeon Overview and Level Annotations

Branches:
Dungeon (15/15)            Temple (1/1) D:4            Lair (5/5) D:9
 Shoals (4/4) Lair:2        Snake (4/4) Lair:3        Slime (5/5) Lair:5
    Orc (2/2) D:11            Elf (3/3) Orc:2        Vaults (5/5) D:14
  Crypt (3/3) Vaults:3       Tomb (3/3) Crypt:3      Depths (4/4) D:15
   Hell (visited)             Dis (7/7) Hell            Geh (7/7) Hell
    Coc (7/7) Hell            Tar (7/7) Hell            Zot (5/5) Depths:4
  IceCv (visited)         Volcano (visited)         Desolation (visited)
Gauntlet (visited)

Shops:
D:8 *   D:15 :   Orc:1 !   Orc:2 ([[(   Elf:2 *   Shoals:1 !=   Shoals:2 ?
Snake:3 ?([[=   Vaults:3 [   Vaults:4 !   Vaults:5 [   Depths:1 *
Depths:4 =:=

Portals:
Hell: Depths:1 Depths:2 Depths:3 Depths:4
Abyss: Depths:2 Depths:3 Depths:4
Pandemonium: Depths:2 Depths:3 Depths:4
Ziggurat: Depths:1


Innate Abilities, Weirdness & Mutations

You have an increased reservoir of magic. (+10% MP)
You shall have no god before yourself.
Your divine heritage dramatically boosts your attributes as you level up.
You are frail. (-10% HP)
Potions are less effective at restoring your health.


Message History

You begin to heal more quickly.
Iridescent scales grow over part of your body.
You feel extremely strange.
You feel stupid.
Your iridescent scales disappear.
Your feet thicken and deform.
You feel frail.
You feel a hidden potential growing inside you.
You feel extremely strange.
Your hooves expand and flesh out into feet!
Your rate of healing slows.
You no longer feel a hidden potential within.
You occasionally lose the ability to drink potions when taking damage.
A pair of antennae grows on your head! The antennae on your head shrink away.
Your vision sharpens.
You feel extremely strange.
You no longer become unable to drink potions after taking damage.
You regain control of your magic.
You feel robust.
You feel extremely strange.
You feel more encumbered by your armour.
Your vision seems duller.
Your bones become slightly less dense.
You feel less in control of your magic.
Your system partially rejects the healing effects of potions.
You feel clever.
You feel extremely strange.
You feel stupid.
Your skeletal structure returns to normal.
Your system completely accepts the healing effects of potions.
You feel frail.
You feel less in control of your magic.
You feel extremely strange.
You feel robust.
You feel more in control of your magic.
You feel your magical essence link to the dungeon's wands.
Your regeneration stops near monsters.
You feel extremely strange.
You begin to regenerate regardless of the presence of monsters.
You regain control of your magic.
Your magical essence no longer links to wands of the dungeon.
Your system partially rejects the healing effects of potions.
You feel frail.
Unknown command.
Okay, then.
You have escaped!

.⌠..###..................#
..⌠.8#............########
#...#................#
.###....######'#+###.#
.(......'......#.# #.#
........###......# #.#
........# #.###### #.#
........# #.# ###
#.####### ........# #.#
##@# #.......# '########
#.###..# #######.# .##
##.##...# #.....#.# ..####
#..##...###.###.#.# .....#
#.##.....∩#.......# .###.#
##.##......#####.### .#
#.####..#∩.....##.....#
####......##∩.....##.#####
.....>######∩.....##.#


There were no monsters in sight!

Vanquished Creatures
  Asmodeus (Geh:7)
  Antaeus (Coc:7)
  the Royal Jelly (Slime:5)
  Gloorx Vloq (Pan)
  Ignacio (Pan)
  Mnoleg (Pan)
  Ereshkigal (Tar:7)
  Lom Lobon (Pan)
  3 dread liches
  Tiamat (Zot:3)
  Dispater (Dis:7)
  9 orbs of fire
  8 ancient liches
  Mennas (Crypt:3)
  Mara (Elf:3)
  The ghost of Teduw the Impregnable, a veteran MiGl of Hepliaklqana (Crypt:1)
  13 pandemonium lords
  37 royal mummies
  Vv (Crypt:3)
  4 Killer Klowns
  17 shard shrikes
  Boris (twice) (Vaults:4 Tomb:1)
  Vashnia (Snake:4)
  30 caustic shrikes
  2 curse toes (Zot:5)
  13 golden dragons
  Geryon (Hell)
  Jory (Vaults:5)
  Norris (Elf:2)
  27 Brimstone Fiends
  23 bone dragons
  8 profane servitors
  30 Tzitzimimeh
  3 electric golems
  8 iron giants
  24 tentacled monstrosities
  A spectral shard shrike (Tar:2)
  14 doom hounds
  Jorgrun (Elf:1)
  34 Hell Sentinels
  9 hellephants
  38 Ice Fiends
  A walking crystal tome (Depths:2)
  25 searing wretches
  16 tainted leviathans
  Asterion (Elf:1)
  9 liches
  4 quicksilver dragons
  26 Orb Guardians
  13 acid blobs
  10 sphinxes
  2 deep elf master archers (Elf:3)
  2 deep elf blademasters (Elf:3)
  19 titans
  10 death cobs
  59 Executioners
  3 tentacled starspawn
  Frances (Shoals:2)
  33 ancient champions
  8 shadow dragons
  17 storm dragons
  8 tengu reavers
  15 rockslimes
  7 draconian monks
  10 azure jellies
  Aizul (Snake:4)
  4 revenants
  2 fenstrider witches
  11 protean progenitors
  24 fire giants
  6 nagarajas
  3 deep elf sorcerers
  2 draconian shifters (Zot:3)
  3 draconian knights
  12 demonspawn warmongers (Pan)
  16 frost giants
  12 vault wardens
  16 narguns
  An imperial myrmidon (Desolation)
  12 quicksilver elementals
  5 curse skulls
  2 spectral caustic shrikes
  6 iron dragons
  7 deep elf elementalists
  6 shard shrike simulacra
  6 draconian scorchers
  6 ghouls
  A juggernaut zombie (Tomb:1)
  An angel (D:1)
  82 balrugs
  2 orc warlords
  6 ghost moths
  30 cacodemons
  9 draconian annihilators
  43 reapers
  A draconian stormcaller (Zot:1)
  4 formless jellyfish
  18 demonspawn corrupters
  20 ironbound preservers
  2 broodmothers (Pan)
  11 quicksilver oozes
  14 very ugly things
  16 stone giants
  19 demonspawn blood saints
  8 caustic shrike skeletons (Pan)
  10 green draconians
  5 juggernaut skeletons
  24 elemental wellsprings
  14 black draconians
  12 ironbound thunderhulks
  11 vampire knights
  30 putrid mouths
  9 deep elf demonologists
  13 deep elf death magi
  16 wendigos
  7 deep elf annihilators
  27 lorocyprocas
  7 red draconians
  16 bennus
  2 spectral hellephants (Crypt:1)
  8 purple draconians
  12 demonspawn black suns (Pan)
  5 spark wasps
  9 yellow draconians
  8 dire elephants (Vaults:1)
  37 war gargoyles
  9 white draconians
  2 halazid warlocks (Desolation)
  A minotaur (Gauntlet)
  Snorg (Lair:4)
  The ghost of Juacyphi the Bludgeoner, a journeyman MiBe of Trog (D:13)
  8 ettins
  2 eidola (Tar:7)
  5 merfolk javelineers
  2 spectral elves (Crypt:1)
  A spectral quicksilver dragon (Tar:4)
  37 blizzard demons
  2 kraken zombies (Hell)
  12 fire dragons
  27 iron golems
  A quicksilver dragon zombie (Tomb:1)
  7 yaktaur captains
  6 crystal guardians
  24 green deaths
  4 ragged hierophants (Desolation)
  7 deep elf high priests
  13 merfolk impalers
  3 spectral spriggans
  9 jiangshi (Crypt:1)
  27 mummy priests
  Josephine (D:13)
  4 servants of whispers (Desolation)
  A fenstrider witch zombie (Tomb:1)
  16 rakshasas
  6 entropy weavers
  7 caustic shrike simulacra
  7 peacekeepers
  10 hydras
  5 great orbs of eyes
  8 juggernaut simulacra
  8 spriggan air magi
  25 salamander tyrants
  9 anacondas
  A spectral shadow dragon (Crypt:1)
  8 stokers
  40 vault guards
  5 merfolk avatars
  3 catoblepae
  5 centaur warriors
  8 ice dragons
  7 ogre magi
  14 hell beasts
  An alligator (Shoals:1)
  Erica (Orc:1)
  11 ironbound frosthearts
  A spectral human (Tar:1)
  A sphinx skeleton (Vaults:3)
  5 merfolk aquamancers
  4 satyrs
  An alligator snapping turtle (Lair:2)
  19 two-headed ogres
  A death knight (D:15)
  35 death scarabs
  5 spriggan berserkers
  6 boulder beetles
  22 death yaks
  30 dancing weapons
  11 deep troll earth magi
  5 tengu warriors
  A spectral naga (Tar:3)
  6 deep troll shamans
  22 naga warriors
  9 shock serpents
  87 soul eaters
  18 hell hogs
  11 vampire magi
  3 thrashing horrors (Abyss:3)
  14 naga sharpshooters
  An occultist (Depths:2)
  A shock serpent (shapeshifter) (Depths:3)
  44 demonic crawlers
  5 orc high priests (Orc:2)
  14 hell knights
  A titan skeleton (Tomb:1)
  168 sun demons
  12 hellephant skeletons (Pan)
  9 crystal echidnas
  4 iron trolls
  2 wretched stars
  A fire crab (shapeshifter) (Vaults:5)
  36 sixfirhies
  40 skeletal warriors
  2 spectral anacondas (Tar:1)
  A bunyip zombie (Tomb:2)
  21 deep elf knights
  3 shining eyes (shapeshifter) (Vaults:5)
  4 salamander mystics
  A spectral bunyip (Tar:2)
  A cherub (Pan)
  11 glowing orange brains
  A goliath frog (Pan)
  29 shadow wraiths
  14 sea snakes
  A flayed ghost (Abyss:1)
  A kraken simulacrum (Hell)
  A spectral hydra (Tar:2)
  7 skysharks
  10 arcanists
  3 quicksilver dragon simulacra
  13 mana vipers
  67 deep trolls
  An orb spider (Zot:3)
  33 shadow demons
  13 sun moths (Pan)
  An iron giant zombie (Crypt:3)
  2 sea snakes (shapeshifter) (Vaults:2)
  2 bog bodies (Crypt:1)
  An obsidian statue (Volcano)
  10 deep elf archers
  29 harpies
  A shadow dragon zombie (Crypt:2)
  8 naga ritualists
  A lindwurm (Vaults:2)
  A steelbarb worm (shapeshifter) (Vaults:5)
  12 necromancers
  A bunyip skeleton (Crypt:2)
  2 swamp dragons
  14 phantasmal warriors
  A spriggan simulacrum (Coc:7)
  20 deep elf pyromancers
  7 lightning spires
  17 ironbound convokers
  69 large abominations
  2 anaconda skeletons
  A starcursed mass (Abyss:3)
  12 orc knights
  2 orc sorcerers
  36 deep elf zephyrmancers
  A wolf spider (Lair:5)
  44 ugly things
  A cyclops (shapeshifter) (Depths:3)
  5 shining eyes
  An alligator zombie (Hell)
  An iron dragon zombie (Crypt:2)
  2 alligator skeletons (Hell)
  29 moths of wrath
  2 spectral ettins
  An iron dragon skeleton (Tomb:2)
  An oklob plant (Lair:5)
  2 fauns (shapeshifter)
  5 fauns
  14 manticores
  5 dire elephant zombies
  6 cyclopes
  6 merfolk sirens
  18 salamanders
  A spectral alligator snapping turtle (Tar:2)
  A salamander (shapeshifter) (Vaults:2)
  3 meliai
  14 elephants
  6 guardian serpents
  An elephant (shapeshifter) (Vaults:5)
  13 rust devils
  A frost giant skeleton (Vaults:3)
  A moth of wrath (shapeshifter) (Depths:4)
  4 water nymphs
  4 kobold blastminers
  3 eyes of devastation
  A guardian serpent (shapeshifter) (Vaults:5)
  3 apocalypse crabs
  42 black mambas
  A centaur zombie (Tomb:2)
  26 naga magi
  72 smoke demons
  27 vault sentinels
  Joseph (D:7)
  4 ice statues
  11 molten gargoyles
  A black mamba (shapeshifter) (D:13)
  3 centaur skeletons
  4 titan simulacra
  An eye of devastation (shapeshifter) (Vaults:2)
  25 cane toads
  5 unseen horrors
  Maggie (D:7)
  2 gargoyles
  6 kobold demonologists
  2 dire elephant skeletons
  3 rime drakes
  20 orange demons
  29 tormentors
  8 ice devils
  35 hellions
  10 anaconda simulacra
  10 freezing wraiths
  17 yaktaurs
  7 tengu conjurers
  17 red devils
  16 efreet
  14 komodo dragons
  2 ancient zymes
  4 iron giant simulacra
  A hydra zombie (Tomb:1)
  2 komodo dragons (shapeshifter)
  8 trolls
  A golden dragon simulacrum (Coc:5)
  32 merfolk
  46 guardian mummies
  2 silent spectres
  2 spectral harpies
  A death yak skeleton (Crypt:2)
  2 sea snake skeletons
  27 wind drakes
  9 hornets
  A tarantella (shapeshifter) (Abyss:1)
  43 hellwings (Pan)
  4 polar bears
  Prince Ribbit (D:7)
  15 blink frogs
  A dream sheep (shapeshifter) (D:14)
  34 saltlings (Desolation)
  2 glass eyes (Slime:3)
  7 dream sheep
  A harpy skeleton (Tomb:1)
  A stone giant simulacrum (Coc:1)
  A snapping turtle (shapeshifter) (Vaults:5)
  6 raiju
  A centaur simulacrum (Coc:2)
  3 iron dragon simulacra (Coc:5)
  9 snapping turtles
  97 slime creatures
  4 vampires
  5 air elementals
  2 shadows
  9 basilisks
  2 ettin skeletons (Crypt:3)
  4 spriggans (Depths:1)
  10 water elementals
  19 wyverns
  43 ynoxinuls
  18 ushabtiu
  9 wraiths
  9 dire elephant simulacra
  A black mamba skeleton (Crypt:3)
  An alligator snapping turtle simulacrum (Coc:2)
  7 steam dragons
  Eustachio (D:4)
  11 fire bats
  A basilisk (shapeshifter) (D:13)
  26 neqoxecs
  19 golden eyes
  49 yaks
  2 fire elementals
  69 chaos spawn
  2 wargs
  16 vampire mosquitoes
  A minotaur simulacrum (IceCv)
  7 redbacks
  Menkaure (D:4)
  5 small abominations
  68 nagas
  A merfolk zombie (Crypt:2)
  3 acid dragons
  A naga zombie (Tomb:2)
  12 harpy simulacra
  16 water moccasins
  A swamp drake (Lair:5)
  A merfolk skeleton (Crypt:2)
  2 hydra simulacra
  5 hell hounds (Zot:4)
  A sky beast (D:7)
  A cane toad skeleton (Crypt:2)
  38 orc warriors
  4 ettin simulacra
  An ice beast (D:8)
  2 black bears
  47 laughing skulls
  A two-headed ogre skeleton (Tomb:3)
  7 boggarts
  16 ogres
  A manticore skeleton (Crypt:2)
  8 centaurs
  11 wolves
  A blink frog skeleton (Crypt:2)
  2 phantoms (D:5)
  9 kobold brigands
  A yaktaur zombie (Crypt:2)
  10 necrophages
  14 bullfrogs
  2 scorpions (D:6)
  3 deep troll simulacra
  A brain worm (Abyss:1)
  2 human skeletons (Vaults:3)
  10 earth elementals
  4 wights (Crypt:2)
  A hornet simulacrum (D:15)
  9 killer bees
  A raiju skeleton (Crypt:1)
  A shapeshifter skeleton (Crypt:1)
  6 spriggan skeletons
  A troll skeleton (D:10)
  4 howler monkeys
  3 jellies
  6 lava snakes
  37 orc priests
  Crazy Yiuf (D:3)
  A bombardier beetle (D:6)
  A sleepcap (D:6)
  2 hounds
  3 iron imps
  A basilisk skeleton (Crypt:2)
  11 iguanas
  26 orc wizards
  A boggart skeleton (Crypt:2)
  A tengu zombie (Crypt:1)
  A tengu skeleton (Crypt:2)
  51 mummies
  8 adders
  3 gnolls
  3 shadow imps
  3 white imps
  3 ufetubi
  4 ribbon worms
  3 dart slugs
  81 orcs
  8 bats
  4 endoplasms
  5 giant cockroaches
  8 goblins
  8 hobgoblins
  13 jackals
  19 kobolds
  2 quokkas (D:2)
  3 ball pythons
  A ball python skeleton (Crypt:2)
  4 frilled lizards
  A kobold skeleton (Crypt:1)
  A quokka zombie (Crypt:1)
  3 rats
  9 aspiring fleshes
  A ball lightning (Pan)
  5 creeping infernos
  13 fire vortices
  2 tentacles (Hell)
5007 creatures vanquished.

Vanquished Creatures (collateral kills)
  Cerebov (Pan)
  A large abomination (D:3)
2 creatures vanquished.

Vanquished Creatures (others)
  An eldritch tentacle (Pan)
  A shard shrike simulacrum (Coc:7)
  A vault guard (Vaults:5)
  A deep elf pyromancer (Elf:2)
  A phantasmal warrior (Depths:4)
  A boggart (D:14)
  An orc (Orc:1)
  4 ball lightnings (Pan)
  A creeping inferno (Geh:2)
  4 spectral weapons
  4 tentacles (Hell)
20 creatures vanquished.

Grand Total: 5029 creatures vanquished

Notes
Turn   | Place    | Note
-------+----------+-------------------------------------------
     0 | D:1      | Gabide the Demigod Hunter began the quest for the Orb.
     0 | D:1      | Reached XP level 1. HP: 17/17 MP: 3/3
    91 | D:1      | Reached skill level 1 in Stealth
   313 | D:1      | Reached XP level 2. HP: 24/24 MP: 4/4
   728 | D:2      | Reached XP level 3. HP: 29/29 MP: 5/5
   798 | D:2      | Reached skill level 1 in Armour
  1089 | D:2      | Reached XP level 4. HP: 37/37 MP: 6/6
  1944 | D:3      | Found a runed translucent door.
  1945 | D:3      | Noticed Crazy Yiuf
  2016 | D:3      | Reached XP level 5. HP: 44/44 MP: 7/7
  2022 | D:3      | Reached skill level 5 in Ranged Weapons
  2232 | D:3      | Killed Crazy Yiuf
  2279 | D:4      | Identified the +1 robe "Deagiub" {Int+2}
  2365 | D:4      | Reached XP level 6. HP: 51/51 MP: 8/8
  2638 | D:4      | Noticed Eustachio
  2662 | D:4      | Killed Eustachio
  2713 | D:4      | Found a staircase to the Ecumenical Temple.
  2713 | D:4      | Noticed Menkaure
  2727 | D:4      | Killed Menkaure
  2873 | Temple   | Entered the Ecumenical Temple
  3191 | D:4      | Reached XP level 7. HP: 57/57 MP: 9/9
  3448 | D:4      | Identified a scroll of acquirement
  3448 | D:4      | Acquired the ring "Tupih" {rCorr AC+4 Int+2}
  3453 | D:5      | Entered Level 5 of the Dungeon
  4535 | D:6      | Noticed a steam dragon
  4551 | D:6      | Killed a steam dragon
  4552 | D:6      | Reached XP level 8. HP: 29/63 MP: 10/10
  5214 | D:6      | Acquired the +3 pair of gloves "Vues" {Int+3 Stlth+}
  5694 | D:7      | Noticed Maggie
  5699 | D:7      | Killed Maggie
  5700 | D:7      | Reached skill level 10 in Ranged Weapons
  5743 | D:7      | Noticed Prince Ribbit
  5745 | D:7      | Killed Prince Ribbit
  5843 | D:7      | Reached XP level 9. HP: 59/72 MP: 11/11
  6242 | D:7      | Noticed Joseph
  6250 | D:7      | Killed Joseph
  6251 | D:7      | Reached skill level 5 in Fighting
  6251 | D:7      | Reached skill level 5 in Dodging
  6706 | D:8      | Paralysed by a hornet for 3 turns
  6975 | D:8      | Found Icleatag's General Store.
  6983 | D:8      | Bought a +2 pair of boots for 198 gold pieces
  6988 | D:8      | Bought a scroll of blinking for 90 gold pieces
  6988 | D:8      | Bought a scroll of teleportation for 36 gold pieces
  7570 | D:8      | Reached XP level 10. HP: 83/83 MP: 13/13
  7847 | D:9      | Noticed a death yak
  7869 | D:8      | Killed a death yak
  7935 | D:9      | Noticed a death yak
  7935 | D:9      | Noticed a death yak
  7945 | D:9      | Noticed a death yak
  7946 | D:9      | Noticed a death yak
  8103 | D:9      | Found a staircase to the Lair.
  8219 | D:9      | Found Ceulats's Island Escapes.
  8492 | D:9      | Bought a scroll of teleportation for 42 gold pieces
  8492 | D:9      | Bought a scroll of blinking for 105 gold pieces
  8492 | D:9      | Bought a scroll of teleportation for 42 gold pieces
  8492 | D:9      | Bought a potion of enlightenment for 70 gold pieces
  8513 | D:9      | Noticed a death yak
  8515 | D:9      | Noticed a death yak
  8516 | D:10     | Entered Level 10 of the Dungeon
  8521 | D:10     | Acquired a +3 arbalest of freezing
  9177 | D:10     | Reached XP level 11. HP: 89/89 MP: 14/14
  9433 | D:11     | Found a staircase to the Orcish Mines.
  9503 | D:11     | Noticed a boulder beetle
  9519 | D:11     | Killed a boulder beetle
  9735 | D:11     | Paralysed by a hornet for 3 turns
 10325 | D:12     | Reached skill level 15 in Ranged Weapons
 10606 | D:12     | Noticed a catoblepas
 10960 | D:12     | Killed a catoblepas
 11334 | D:12     | Noticed a two-headed ogre
 11339 | D:12     | Killed a two-headed ogre
 11720 | Lair:1   | Entered Level 1 of the Lair of Beasts
 11778 | Lair:1   | Reached XP level 12. HP: 100/100 MP: 15/15
 12805 | Lair:2   | Noticed a four-headed hydra
 12816 | Lair:2   | Killed a four-headed hydra
 12987 | Lair:2   | Noticed a five-headed hydra
 12990 | Lair:2   | Killed a five-headed hydra
 13090 | Lair:2   | Noticed a boulder beetle
 13102 | Lair:2   | Killed a boulder beetle
 13567 | Lair:3   | Noticed an eight-headed hydra
 13575 | Lair:3   | Killed an eight-headed hydra
 13789 | Lair:2   | Reached XP level 13. HP: 106/108 MP: 16/16
 14370 | Lair:3   | Found a staircase to the Snake Pit.
 15422 | Lair:4   | Noticed Snorg
 15431 | Lair:4   | Killed Snorg
 15503 | Lair:4   | Identified the +1 dire flail "Gooh" {vamp, rElec rPois rN+
                  | rCorr Int-5}
 15929 | Lair:5   | Entered Level 5 of the Lair of Beasts
 15942 | Lair:5   | Found a dark tunnel.
 15990 | Volcano  | Entered a volcano
 16175 | Volcano  | Reached XP level 14. HP: 75/119 MP: 17/17
 16567 | Lair:5   | Reached skill level 10 in Fighting
 16567 | Lair:5   | Reached skill level 10 in Dodging
 16652 | Lair:5   | Reached skill level 5 in Armour
 17197 | Lair:5   | Found a staircase to the Slime Pits.
 18542 | D:13     | Noticed Josephine
 18556 | D:13     | Killed Josephine
 18602 | D:13     | Reached XP level 15. HP: 126/127 MP: 18/18
 18992 | D:13     | Found a runed translucent gate.
 18993 | D:13     | Found a runed translucent gate.
 18994 | D:13     | Found a runed translucent gate.
 18998 | D:13     | Noticed Juacyphi's ghost (journeyman MiBe)
 19066 | D:13     | Killed Juacyphi's ghost
 19206 | D:14     | You are sucked into a shaft and drop 1 floor!
 19206 | D:15     | Entered Level 15 of the Dungeon
 19260 | D:15     | Found a gate leading to a gauntlet.
 19351 | D:15     | Found a staircase to the Depths.
 19407 | Gauntlet | Entered a Gauntlet
 19407 | Gauntlet | Found a transporter.
 19416 | Gauntlet | Found a transporter.
 19436 | Gauntlet | Found a transporter.
 19436 | Gauntlet | Found a transporter.
 19452 | Gauntlet | Found a transporter.
 19466 | Gauntlet | Found a transporter.
 19479 | Gauntlet | Found a transporter.
 19499 | Gauntlet | Found a transporter.
 19503 | Gauntlet | Found a transporter.
 19511 | Gauntlet | Found a transporter.
 19538 | Gauntlet | Found a transporter.
 19538 | Gauntlet | Found a transporter.
 19607 | Gauntlet | Identified the ring "Myt Wock" {rF+ Int+4 Dex+2 Stlth+}
 19780 | Gauntlet | Identified the ring of Ipelos {Fly rF++ rN+++ Dex-5}
 19890 | D:15     | Identified the ring "Novofourph" {Will+ AC+4}
 19939 | D:15     | Found Guhogh's Book Emporium.
 20523 | D:14     | Found a gate to the Vaults.
 21050 | D:15     | Found a portal to a secret trove of treasure.
 21683 | D:9      | Bought a scroll of fog for 56 gold pieces
 21683 | D:9      | Bought 2 potions of haste for 280 gold pieces
 21683 | D:9      | Bought a potion of enlightenment for 70 gold pieces
 21739 | D:8      | Bought a phantom mirror for 480 gold pieces
 21941 | Orc:1    | Entered Level 1 of the Orcish Mines
 22090 | Orc:2    | Entered Level 2 of the Orcish Mines
 22699 | Orc:2    | Found a staircase to the Elven Halls.
 23046 | Orc:2    | Found Ycall's Antique Weapon Shoppe.
 23046 | Orc:2    | Found Welaluy's Antique Weapon Shoppe.
 23047 | Orc:2    | Found Ulyuneo's Antique Armour Emporium.
 23047 | Orc:2    | Found Loff's Armour Shoppe.
 23077 | Orc:2    | Bought a +2 hat of willpower for 210 gold pieces
 23250 | Orc:1    | Found Ahibed's Distillery.
 23563 | Orc:1    | Noticed Erica
 23565 | Orc:1    | Killed Erica
 23857 | Shoals:1 | Entered Level 1 of the Shoals
 23936 | Shoals:1 | Found a glacial archway.
 23947 | IceCv    | Entered an ice cave
 24186 | IceCv    | Reached XP level 16. HP: 140/140 MP: 19/19
 25116 | Shoals:1 | Found Xeikyov's One-of-a-Kind Rings.
 25271 | Shoals:1 | Found Tagam's Distillery.
 25995 | Shoals:2 | Found Domoo's Magic Scroll Emporium.
 26499 | Shoals:2 | Noticed Frances
 26516 | Shoals:2 | Killed Frances
 27501 | Shoals:4 | Entered Level 4 of the Shoals
 28072 | Shoals:4 | Identified the +0 chain mail of the Morning Star {rC-
                  | Regen+ Slay+3}
 28281 | Shoals:4 | Identified the ring "Guqutit" {rC+ Int+2 Dex+3}
 28300 | Shoals:4 | Reached XP level 17. HP: 115/154 MP: 20/20
 28371 | Shoals:4 | Got a barnacled rune of Zot
 29178 | Snake:1  | Entered Level 1 of the Snake Pit
 29187 | Lair:3   | Reached skill level 15 in Fighting
 29187 | Lair:3   | Reached skill level 15 in Dodging
 30979 | Snake:3  | Found Zamilige's Magic Scroll Shoppe.
 30987 | Snake:3  | Bought a scroll of fog for 84 gold pieces
 31610 | Snake:3  | Found Yhoew's Antique Armour Shoppe.
 31610 | Snake:3  | Found Buomaip's Antique Armour Emporium.
 31611 | Snake:3  | Found Maqaci's Antique Weapon Emporium.
 31615 | Snake:3  | Found Teamop's Jewellery Shoppe.
 32227 | Snake:3  | Reached XP level 18. HP: 163/163 MP: 21/21
 32308 | Snake:4  | Entered Level 4 of the Snake Pit
 32311 | Snake:4  | Noticed Vashnia
 32582 | Snake:4  | Identified the +5 lajatang "Killer Klown's Peril" {flame,
                  | Fly Str-4 Int+3}
 32642 | Snake:4  | Killed Vashnia
 32703 | Snake:4  | Identified the +1 war axe of Goes {freeze, Int+2}
 32897 | Snake:4  | Identified the serpent talisman of Paqodd {rF+}
 32897 | Snake:4  | Noticed Aizul
 32912 | Snake:4  | Killed Aizul
 32959 | Snake:4  | Identified the +0 robe of Giwoum {Rampage MP+9}
 33412 | Snake:4  | Got a serpentine rune of Zot
 34025 | D:15     | You paid a toll of 6 scrolls of fog to enter a treasure
                  | trove
 34026 | Trove    | Entered a treasure trove
 34045 | Trove    | Got Sif Muna's Guidebook on Company
 34073 | Trove    | Identified the amulet "Tokas" {*Corrode rPois Regen+ SInv}
 34090 | Trove    | Reached XP level 19. HP: 172/172 MP: 22/22
 34239 | Depths:1 | Entered Level 1 of the Depths
 34742 | Depths:1 | Found Migemose's Blood Bar.
 35040 | Depths:1 | Found a one-way gateway to a ziggurat.
 35146 | Depths:1 | Found a gateway to Hell.
 35702 | Depths:2 | Identified the +8 broad axe "Xais" {heavy, rPois}
 35707 | Depths:2 | Identified the staff of Deflation {rElec rCorr Conj Fire}
 35730 | Depths:2 | Found a one-way gate leading to the halls of Pandemonium.
 35818 | Depths:2 | Found a one-way gate to the infinite horrors of the Abyss.
 35824 | Depths:2 | Reached XP level 20. HP: 184/184 MP: 24/24
 36664 | Depths:2 | Noticed an ancient lich
 36679 | Depths:2 | Killed an ancient lich
 36946 | Depths:2 | Found the amulet of Vitality {RegenMP++ Regen++}
 37849 | Depths:3 | Identified the +4 ring mail of Geeptoyth {-Tele rPois
                  | Will+++ Dex+3}
 37849 | Depths:3 | Identified the +6 chain mail of Inugiheo {rPois rF+ Int+3}
 38635 | Depths:4 | Entered Level 4 of the Depths
 38721 | Depths:4 | Found Duacho's Jewellery Shoppe.
 38721 | Depths:4 | Found Bajajal's Book Boutique.
 38722 | Depths:4 | Found Resot's Jewellery Shoppe.
 38775 | Depths:4 | Identified the ring of Rublus {rPois rC+ Dex+6}
 38848 | Depths:4 | Noticed a bone dragon
 38863 | Depths:4 | Killed a bone dragon
 39045 | Depths:4 | Reached XP level 21. HP: 198/198 MP: 25/25
 39139 | Depths:4 | Found a gate to the Realm of Zot.
 39938 | Vaults:1 | Entered Level 1 of the Vaults
 42771 | Vaults:3 | Reached XP level 22. HP: 213/213 MP: 26/26
 42960 | Vaults:3 | Found a staircase to the Crypt.
 43195 | Vaults:3 | Found Peusmureeh's Antique Armour Shoppe.
 43585 | Vaults:4 | Found a crumbling gateway.
 43590 | Desolati | Entered the Desolation of Salt
 43816 | Desolati | Got the Information on Maleficent Magicks and the Serac
 43817 | Desolati | Identified the +10 orcbow of Tortfeasance {freeze, rElec
                  | Int+2 Stlth+}
 43824 | Desolati | Identified the staff "Goniur" {rC+ Dex+5 Ice}
 44275 | Desolati | Found the +2 shield of Resistance {rF++ rC++ Will++}
 44381 | Desolati | Got the Almanac of Gloom
 44946 | Vaults:4 | Noticed Boris
 45115 | Vaults:4 | Killed Boris
 45435 | Vaults:4 | Found Cearas's Distillery.
 45821 | Shoals:1 | Bought a +9 ring of slaying for 2934 gold pieces
 46650 | Elf:1    | Entered Level 1 of the Elven Halls
 46752 | Elf:1    | Noticed Asterion
 46766 | Elf:1    | Killed Asterion
 47228 | Elf:1    | Noticed Jorgrun
 47234 | Elf:1    | Killed Jorgrun
 47391 | Elf:1    | Got Muuddeg's Encyclopedia of Cooperative Kinetic Energy
 47655 | Elf:2    | Found Somufiots's Superlative Supplies.
 47713 | Elf:2    | Noticed Norris
 47726 | Elf:2    | Killed Norris
 47818 | Elf:2    | Found a runed translucent gate.
 47836 | Elf:2    | Found a runed translucent gate.
 47836 | Elf:2    | Found a runed translucent gate.
 48064 | Elf:2    | Reached XP level 23. HP: 224/224 MP: 27/27
 48340 | Elf:3    | Entered Level 3 of the Elven Halls
 48420 | Elf:3    | Noticed Mara
 48425 | Elf:3    | Noticed Gabide's illusion
 48426 | Elf:3    | Killed Mara
 49408 | Elf:3    | Identified the +3 plate armour "Ytez" {Int+6 Dex-3}
 49465 | Elf:3    | Identified the staff of Tumult {rF+ rC- rN+ Str+4 Necro
                  | Air}
 49473 | Elf:3    | Identified the +11 mace of Infection {vamp, SInv}
 49521 | Elf:3    | Identified the +2 pair of boots of Zebraw {Int+2}
 49534 | Elf:3    | Identified the +0 ring mail of Efazxasm {Harm Regen+ Int+4}
 49550 | Elf:3    | Identified the +1 ring mail of the Trout {Slay+2}
 49593 | Elf:3    | Got the Vellum of Formation and Venom
 49597 | Elf:3    | Got Bicioff's Almanac of the Liminal Chill
 49603 | Elf:3    | Identified the dragon-blood talisman "Toqionylu" {Str+3}
 49606 | Elf:3    | Got Dispater's Handbook of Terra Firma
 49632 | Elf:3    | Found the +3 pair of gauntlets of War {Slay+5}
 49664 | Elf:3    | Identified the +7 shortbow "Istyur" {elec, *Corrode Fly rC+
                  | MP+9}
 50102 | Crypt:1  | Entered Level 1 of the Crypt
 50382 | Crypt:1  | Found the +7 lajatang of Order {silver, rMut}
 50547 | Crypt:1  | Found a runed translucent door.
 50553 | Crypt:1  | Noticed Teduw's ghost (veteran MiGl)
 50974 | Crypt:1  | Killed Teduw's ghost
 52292 | Crypt:2  | Noticed a dread lich
 52298 | Crypt:2  | Killed a dread lich
 52450 | Crypt:3  | Entered Level 3 of the Crypt
 52581 | Crypt:3  | Found a staircase to the Tomb.
 52689 | Crypt:3  | Noticed an ancient lich
 52691 | Crypt:3  | Killed an ancient lich
 52727 | Crypt:3  | Identified the staff "Nuonec Acla" {rF+ rN+ Will+++ Str-3
                  | Necro}
 52730 | Crypt:3  | Identified the +6 scimitar "Veof Pent" {venom, Str+3}
 52839 | Crypt:3  | Noticed Vv
 52846 | Crypt:3  | Killed Vv
 52847 | Crypt:3  | Reached XP level 24. HP: 223/235 MP: 27/27
 52884 | Crypt:3  | Noticed Mennas
 52899 | Crypt:3  | Killed Mennas
 53751 | Depths:4 | Bought the macabre finger necklace {Finger+ rN+} for 680
                  | gold pieces
 53751 | Depths:4 | Found the macabre finger necklace {Finger+ rN+}
 54211 | Shoals:1 | Bought a +10 ring of dexterity for 1183 gold pieces
 54603 | Depths:2 | Voluntarily entered the Abyss.
 55125 | Abyss:3  | Got an abyssal rune of Zot
 55344 | Depths:2 | Escaped the Abyss
 55450 | Zot:1    | Entered Level 1 of the Realm of Zot
 57045 | Zot:3    | Noticed a Killer Klown
 57049 | Zot:3    | Killed a Killer Klown
 57358 | Zot:3    | Noticed an orb of fire
 57359 | Zot:3    | Killed an orb of fire
 57480 | Zot:3    | Acquired 649 gold pieces
 57600 | Zot:3    | Acquired a manual of Stealth
 57791 | Zot:3    | Found the +4 dragonskin cloak
 57791 | Zot:3    | Noticed Tiamat
 57796 | Zot:3    | Killed Tiamat
 57995 | Zot:3    | You fall into a shaft and drop 1 floor!
 58084 | Zot:4    | Reached XP level 25. HP: 247/247 MP: 27/27
 59390 | Zot:5    | Entered Level 5 of the Realm of Zot
 60297 | Zot:5    | Noticed an ancient lich
 60299 | Zot:5    | Killed an ancient lich
 60299 | Zot:5    | Noticed an orb of fire
 60303 | Zot:5    | Killed an orb of fire
 60313 | Zot:5    | Noticed an orb of fire
 60314 | Zot:5    | Killed an orb of fire
 60450 | Zot:5    | Noticed an orb of fire
 60452 | Zot:5    | Killed an orb of fire
 60591 | Zot:5    | Noticed an orb of fire
 60595 | Zot:5    | Killed an orb of fire
 61311 | Zot:5    | Noticed an ancient lich
 61312 | Zot:5    | Killed an ancient lich
 61568 | Zot:5    | Noticed an orb of fire
 61569 | Zot:5    | Noticed an orb of fire
 61569 | Zot:5    | Noticed an orb of fire
 61570 | Zot:5    | Killed an orb of fire
 61570 | Zot:5    | Noticed an orb of fire
 61572 | Zot:5    | Killed an orb of fire
 61578 | Zot:5    | Killed an orb of fire
 61582 | Zot:5    | Killed an orb of fire
 62605 | Slime:1  | Entered Level 1 of the Pits of Slime
 63655 | Slime:2  | Reached XP level 26. HP: 251/262 MP: 27/27
 64709 | Slime:5  | Entered Level 5 of the Pits of Slime
 64738 | Slime:5  | Noticed the Royal Jelly
 64791 | Slime:5  | Killed the Royal Jelly
 65155 | Slime:5  | Identified the amulet of Pil Gai {Spirit +Inv rN+}
 65186 | Slime:5  | Found the +3 Mad Mage's Maulers {Infuse+∞ VampMP -Cast}
 65198 | Slime:5  | Identified the +0 ring mail "Ockacras" {Rampage Int+3
                  | Stlth+}
 65237 | Slime:5  | Identified the ring "Loguecoi" {rF+ MP-9 Dex+4}
 65240 | Slime:5  | Got a slimy rune of Zot
 65241 | Slime:5  | Identified the ring of the Tempest {rN++ Will+ Dex-3}
 65242 | Slime:5  | Identified the +1 morningstar of the Keeping Gods {venom,
                  | rC+ Str+4}
 66035 | Vaults:5 | Entered Level 5 of the Vaults
 66244 | Vaults:5 | Identified the +0 buckler of the Moon Troll {^Contam +Inv
                  | rPois Int+7}
 66246 | Vaults:5 | Noticed an ancient lich
 66274 | Vaults:5 | Reached skill level 27 in Fighting
 66301 | Vaults:5 | Noticed Jory
 66307 | Vaults:5 | Killed Jory
 66381 | Vaults:5 | Found Rajot's Antique Armour Shoppe.
 66410 | Vaults:5 | Reached skill level 27 in Ranged Weapons
 66423 | Vaults:5 | Reached skill level 27 in Dodging
 66439 | Vaults:5 | Noticed an ancient lich
 66441 | Vaults:5 | Killed an ancient lich
 66442 | Vaults:5 | Reached skill level 5 in Stealth
 66444 | Vaults:5 | Killed an ancient lich
 66461 | Vaults:5 | Noticed an ancient lich
 66482 | Vaults:5 | Killed an ancient lich
 66540 | Vaults:5 | Noticed an ancient lich
 66545 | Vaults:5 | Killed an ancient lich
 66551 | Vaults:5 | Identified the ring of Ypnos {rC- rN+ rCorr Str-4 Int+7}
 66561 | Vaults:5 | Reached skill level 1 in Short Blades
 66688 | Vaults:5 | Gained mutation: You are frail. (-10% HP) [a shining eye]
 66692 | Vaults:5 | Lost mutation: You are frail. (-10% HP) [potion of
                  | mutation]
 66692 | Vaults:5 | Gained mutation: Your movements are slightly less
                  | encumbered by armour. (ER -2) [potion of mutation]
 66692 | Vaults:5 | Gained mutation: You have a pair of small horns on your
                  | head. [potion of mutation]
 66692 | Vaults:5 | Gained mutation: You have hidden genetic defects. [potion
                  | of mutation]
 66692 | Vaults:5 | Gained mutation: Your system is resistant to poisons.
                  | (rPois) [potion of mutation]
 66693 | Vaults:5 | Lost mutation: Your movements are slightly less encumbered
                  | by armour. (ER -2) [potion of mutation]
 66693 | Vaults:5 | Lost mutation: You have a pair of small horns on your head.
                  | [potion of mutation]
 66693 | Vaults:5 | Gained mutation: You are partially covered in iridescent
                  | scales. (AC +2) [potion of mutation]
 66693 | Vaults:5 | Gained mutation: Your skin changes colour to match your
                  | surroundings (Stealth+). [potion of mutation]
 66694 | Vaults:5 | Lost mutation: You have hidden genetic defects. [potion of
                  | mutation]
 66694 | Vaults:5 | Lost mutation: Your system is resistant to poisons. (rPois)
                  | [potion of mutation]
 66694 | Vaults:5 | Gained mutation: You sometimes lose your temper in combat.
                  | [potion of mutation]
 66694 | Vaults:5 | Gained mutation: Your movements are slightly less
                  | encumbered by armour. (ER -2) [potion of mutation]
 66694 | Vaults:5 | Gained mutation: Your flesh is heat resistant. (rF+)
                  | [potion of mutation]
 66739 | Vaults:5 | Identified the staff of Coudgh {rPois rF+ Int+6 Conj Fire}
 66774 | Vaults:5 | Identified the +3 scale mail of the Frog {rF- rCorr SInv}
 66781 | Vaults:5 | Got a silver rune of Zot
 66784 | Vaults:5 | Identified the staff of Ugur Jut {^Fragile rPois rF+ rN+++
                  | MP-9 Fire}
 66915 | Vaults:5 | Identified the +0 helmet of Ignis's Supremacy {Harm Will+++
                  | rCorr Int-3}
 67100 | Vaults:5 | Reached skill level 5 in Short Blades
 67240 | Vaults:5 | Identified the +2 leather armour of the Bard {rF+ Regen+}
 67240 | Vaults:5 | Found the +11 plutonium sword {^Contam Stlth-}
 67356 | Vaults:5 | Identified the +6 double sword "Disuej" {heavy, rC+}
 67395 | Vaults:5 | Identified the +4 falchion of the Ancient Ziggurats {heavy,
                  | Str+5}
 67880 | Pan      | Entered Pandemonium
 67933 | Pan      | Identified the +7 scimitar of Indestructible Defence
                  | {flame, Int+2}
 68022 | Pan      | Found a transporter.
 68256 | Pan      | Noticed Ignacio
 68260 | Pan      | Killed Ignacio
 68432 | Pan      | Found a transporter.
 68681 | Pan      | Reached XP level 27. HP: 273/273 MP: 27/27
 68812 | Pan      | Noticed Vicarock the pandemonium lord
 68814 | Pan      | Killed Vicarock the pandemonium lord
 68907 | Pan      | Reached skill level 10 in Short Blades
 69601 | Pan      | Found a runed translucent door.
 69616 | Pan      | Got a demonic rune of Zot
 70265 | Pan      | Gained mutation: Your mind is acute. (Int +4, Str/Dex -1)
                  | [a cacodemon]
 70396 | Pan      | Identified the +2 leather armour of Elitism {Will++ Str+4
                  | Slay-3}
 70573 | Pan      | Noticed Fiuhaew the pandemonium lord
 70581 | Pan      | Killed Fiuhaew the pandemonium lord
 72598 | Pan      | Reached skill level 15 in Short Blades
 73060 | Pan      | Identified the +7 morningstar of Contention {protect,
                  | Str+4}
 73070 | Pan      | Identified the amulet "Awiquen" {Reflect -Cast Harm +Inv
                  | Slay+2 SH+5}
 73080 | Pan      | Identified the +1 spear "Esoro Deil" {drain, *Slow rElec
                  | Dex+3}
 73146 | Pan      | Reached skill level 10 in Stealth
 73303 | Pan      | Found an exit through the horrors of the Abyss.
 73568 | Pan      | Noticed Lyr Col the pandemonium lord
 73587 | Pan      | Killed Lyr Col the pandemonium lord
 74184 | Pan      | Entered the realm of Lom Lobon.
 74465 | Pan      | Reached skill level 15 in Stealth
 74533 | Pan      | Identified the serpent talisman of the Baker {rCorr}
 75033 | Pan      | Noticed Lom Lobon
 75212 | Pan      | Killed Lom Lobon
 75423 | Pan      | Got a magical rune of Zot
 76021 | Pan      | Noticed Syetzid the pandemonium lord
 76058 | Pan      | Killed Syetzid the pandemonium lord
 77452 | Pan      | Noticed Taruniot the pandemonium lord
 77458 | Pan      | Killed Taruniot the pandemonium lord
 77894 | Pan      | Found an exit through the horrors of the Abyss.
 78113 | Pan      | Found an exit through the horrors of the Abyss.
 78117 | Pan      | Reached skill level 10 in Armour
 78341 | Pan      | Identified the +0 leather armour of the Comet {+Blink Int-4
                  | Dex+4}
 78412 | Pan      | Noticed Xiudewe the pandemonium lord
 78418 | Pan      | Killed Xiudewe the pandemonium lord
 78804 | Pan      | Found a transporter.
 78838 | Pan      | Found a transporter.
 80325 | Pan      | Identified the ring "Vithegix" {EV+5 Int+2}
 80349 | Pan      | Identified the +3 hat of the Shishi {Dex+5}
 80524 | Pan      | Noticed Daror the pandemonium lord
 80527 | Pan      | Killed Daror the pandemonium lord
 80684 | Pan      | Identified the ring "Mecsigoa" {AC+4 Dex+2}
 80760 | Pan      | Found an exit through the horrors of the Abyss.
 80875 | Pan      | Identified the ring of Ceurch {rCorr Str+6 Slay+4 Stlth+}
 81315 | Pan      | Found an exit through the horrors of the Abyss.
 82185 | Pan      | Noticed Nem Uxau the pandemonium lord
 82194 | Pan      | Killed Nem Uxau the pandemonium lord
 82460 | Pan      | Found an exit through the horrors of the Abyss.
 83100 | Pan      | Entered the realm of Gloorx Vloq.
 84016 | Pan      | Noticed Gloorx Vloq
 84241 | Pan      | Found an exit through the horrors of the Abyss.
 85004 | Pan      | Killed Gloorx Vloq
 85349 | Pan      | Got a dark rune of Zot
 85807 | Pan      | Noticed Ruot the pandemonium lord
 85823 | Pan      | Killed Ruot the pandemonium lord
 86873 | Pan      | Found a runed translucent door.
 86947 | Pan      | Acquired 725 gold pieces
 87630 | Pan      | Noticed Sufrulox the pandemonium lord
 87638 | Pan      | Killed Sufrulox the pandemonium lord
 87686 | Pan      | Entered the realm of Cerebov.
 87858 | Pan      | Lost mutation: You sometimes lose your temper in combat.
                  | [potion of mutation]
 87858 | Pan      | Lost mutation: You are partially covered in iridescent
                  | scales. (AC +2) [potion of mutation]
 87858 | Pan      | Lost mutation: Your skin changes colour to match your
                  | surroundings (Stealth+). [potion of mutation]
 87858 | Pan      | Gained mutation: Your health recovers twice as slowly from
                  | being drained. [potion of mutation]
 87858 | Pan      | Gained mutation: Your spells are a little harder to cast,
                  | but a little more powerful. [potion of mutation]
 87858 | Pan      | Gained mutation: You have large cloven feet. [potion of
                  | mutation]
 87931 | Pan      | Lost mutation: Your health recovers twice as slowly from
                  | being drained. [potion of mutation]
 87931 | Pan      | Lost mutation: You have large cloven feet. [potion of
                  | mutation]
 87931 | Pan      | Gained mutation: You are partially covered in large bone
                  | plates. (SH +4) [potion of mutation]
 88104 | Pan      | Identified the amulet of the Princess {Spirit -Cast Harm
                  | *Slow Str+8}
 88272 | Pan      | Identified the +0 robe of Daisies {rN+ Int+2}
 88657 | Pan      | Identified the amulet "Juet" {RegenMP ^Drain rN+ SInv}
 88695 | Pan      | Identified the +1 ring mail "Giurytoi" {Str+5}
 88988 | Pan      | Identified the staff of Immorality {Str+5 Earth}
 89373 | Pan      | Identified the +1 scimitar "Ceucelany" {pain, ^Fragile
                  | Int+3 Dex+3 Stlth+}
 89456 | Pan      | Found the +6 sword of Cerebov {flame}
 89456 | Pan      | Noticed Cerebov
 89497 | Pan      | Killed Cerebov
 89515 | Pan      | Identified the +0 scale mail "Noitriep" {-Tele rElec rPois
                  | SInv}
 89517 | Pan      | Identified the staff of War {rC+ Dex+5 Summ Ice}
 89550 | Pan      | Got a fiery rune of Zot
 89976 | Pan      | Reached skill level 1 in Long Blades
 90070 | Pan      | Noticed Xaeduad the pandemonium lord
 90075 | Pan      | Killed Xaeduad the pandemonium lord
 90420 | Pan      | Entered the realm of Mnoleg.
 90520 | Pan      | Reached skill level 5 in Long Blades
 90541 | Pan      | Noticed Mnoleg
 90561 | Pan      | Paralysed by accursed screaming for 2 turns
 91158 | Pan      | Found an exit through the horrors of the Abyss.
 91440 | Pan      | Killed Mnoleg
 91452 | Pan      | Got a glowing rune of Zot
 91860 | Pan      | Found an exit through the horrors of the Abyss.
 91907 | Pan      | Reached skill level 10 in Long Blades
 91962 | Pan      | Noticed Fimenydo the pandemonium lord
 91986 | Pan      | Killed Fimenydo the pandemonium lord
 92955 | Depths:2 | Escaped Pandemonium
 92966 | Hell     | Entered the Vestibule of Hell
 92966 | Hell     | Noticed Geryon
 92976 | Hell     | Killed Geryon
 93626 | Hell     | Found a gateway to the ashen valley of Gehenna.
 93678 | Hell     | Found a gateway to the decaying netherworld of Tartarus.
 93782 | Hell     | Found a gateway to the Iron City of Dis.
 93839 | Hell     | Found a gateway to the freezing wastes of Cocytus.
 94278 | Shoals:2 | Bought a scroll of revelation for 142 gold pieces
 94278 | Shoals:2 | Bought a scroll of brand weapon for 180 gold pieces
 94278 | Shoals:2 | Bought a scroll of teleportation for 57 gold pieces
 94673 | Vaults:4 | Bought a potion of haste for 150 gold pieces
 94673 | Vaults:4 | Bought a potion of heal wounds for 75 gold pieces
 94673 | Vaults:4 | Bought a potion of curing for 45 gold pieces
 94673 | Vaults:4 | Bought a potion of haste for 150 gold pieces
 94673 | Vaults:4 | Bought a potion of cancellation for 120 gold pieces
 94673 | Vaults:4 | Bought 2 potions of mutation for 240 gold pieces
 94673 | Vaults:4 | Bought a potion of curing for 45 gold pieces
 94673 | Vaults:4 | Bought 2 potions of invisibility for 240 gold pieces
 94700 | Vaults:3 | Bought a smoking helmet for 332 gold pieces
 94700 | Vaults:3 | Identified the +2 helmet of the Moon {rPois} (You bought it
                  | in a shop on level 3 of the Vaults)
 94989 | Orc:1    | Bought a potion of curing for 33 gold pieces
 94989 | Orc:1    | Bought 2 potions of curing for 66 gold pieces
 94989 | Orc:1    | Bought a potion of haste for 110 gold pieces
 94989 | Orc:1    | Bought a potion of resistance for 110 gold pieces
 94989 | Orc:1    | Bought a potion of haste for 110 gold pieces
 94989 | Orc:1    | Bought a potion of enlightenment for 55 gold pieces
 94989 | Orc:1    | Bought a potion of cancellation for 88 gold pieces
 94989 | Orc:1    | Bought a potion of curing for 33 gold pieces
 95217 | Shoals:1 | Bought a potion of enlightenment for 60 gold pieces
 95217 | Shoals:1 | Bought a potion of ambrosia for 96 gold pieces
 95217 | Shoals:1 | Bought a potion of enlightenment for 60 gold pieces
 95217 | Shoals:1 | Bought a potion of curing for 36 gold pieces
 95502 | Elf:2    | Bought a manual of Short Blades for 1280 gold pieces
 95503 | Elf:2    | Bought a +4 ring of slaying for 1248 gold pieces
 95791 | Snake:3  | Bought a jewelled ring mail for 270 gold pieces
 95791 | Snake:3  | Identified the +0 ring mail of the Demon Prince {rC+} (You
                  | bought it in a shop on level 3 of the Snake Pit)
 95806 | Snake:3  | Bought a scroll of teleportation for 63 gold pieces
 95806 | Snake:3  | Bought a scroll of teleportation for 63 gold pieces
 95806 | Snake:3  | Bought a scroll of silence for 199 gold pieces
 95806 | Snake:3  | Bought a scroll of blinking for 157 gold pieces
 96221 | Geh:1    | Entered Level 1 of Gehenna
 96441 | Geh:1    | Reached skill level 15 in Long Blades
 98498 | Geh:7    | Entered Level 7 of Gehenna
 99612 | Geh:7    | Identified the +2 long sword of Nightmares {drain, rF+
                  | Stlth+}
100011 | Geh:7    | Found the +13 sceptre of Asmodeus
100011 | Geh:7    | Noticed Asmodeus
100029 | Geh:7    | Killed Asmodeus
100072 | Geh:7    | Got an obsidian rune of Zot
100076 | Geh:7    | Got Practicing Spellweaving
100565 | Coc:1    | Entered Level 1 of Cocytus
100896 | Coc:2    | You are sucked into a shaft and drop 2 floors!
101830 | Coc:7    | Entered Level 7 of Cocytus
101837 | Coc:7    | Noticed a dread lich
101848 | Coc:7    | Killed a dread lich
102776 | Coc:7    | Noticed a dread lich
102778 | Coc:7    | Killed a dread lich
103093 | Coc:7    | Identified the +5 sling of Vagauci {heavy, rF- rN+++ Str+5}
103117 | Coc:7    | Identified the staff of Law {rPois rF+ Str+4 Tloc Alchemy}
103117 | Coc:7    | Noticed Antaeus
103124 | Coc:7    | Paralysed by a wendigo for 1 turns
104078 | Coc:7    | Paralysed by a wendigo for 1 turns
104323 | Coc:7    | Killed Antaeus
104376 | Coc:7    | Got an icy rune of Zot
104377 | Coc:7    | Identified the +2 helmet of Wiome {rPois}
104407 | Coc:7    | Identified the -1 buckler of Gestures {Int+4}
104804 | Dis:1    | Entered Level 1 of the Iron City of Dis
107209 | Dis:7    | Entered Level 7 of the Iron City of Dis
109929 | Dis:7    | Identified the ring "Melac" {rPois Dex+3}
110039 | Dis:7    | Noticed Dispater
110049 | Dis:7    | Killed Dispater
110050 | Dis:7    | Reached skill level 27 in Long Blades
110052 | Dis:7    | Got an iron rune of Zot
110407 | Tar:1    | Entered Level 1 of Tartarus
112178 | Tar:5    | You are sucked into a shaft and drop 1 floor!
112562 | Tar:7    | Entered Level 7 of Tartarus
114729 | Tar:7    | Reached skill level 27 in Stealth
115454 | Tar:7    | Noticed Ereshkigal
115507 | Tar:7    | Killed Ereshkigal
115889 | Tar:7    | Got a bone rune of Zot
116229 | Tar:7    | Identified the +7 orcbow of Wuder {drain, rF+ Int-3 SInv}
117727 | Tar:7    | Identified the +4 rapier of Integrity {freeze, Will+}
117729 | Tar:7    | Identified the +2 rapier of Igorch {freeze, rPois rF+ rC+}
118071 | Tar:7    | Reached skill level 15 in Armour
118322 | Tar:7    | Identified the staff of Fate {rN+ Int+4 Necro Alchemy}
118332 | Tar:7    | Identified the +8 mace of the Hidden Vale {freeze, Dex+4}
118350 | Tar:7    | Identified the staff "Umpuhong" {rF+ rC+ Summ Fire}
118376 | Tar:7    | Found the +6 shillelagh "Devastator" {shatter}
118673 | Tar:7    | Identified the staff of Honour {rC+ Will+ Str+3 Ice
                  | Alchemy}
119235 | Tomb:1   | Entered Level 1 of the Tomb of the Ancients
119608 | Tomb:1   | Noticed Boris
119613 | Tomb:1   | Killed Boris
120191 | Tomb:1   | Identified the +9 flail "Catugull" {venom, Fly Stlth+}
121491 | Tomb:2   | Acquired 946 gold pieces
125856 | Tomb:3   | Entered Level 3 of the Tomb of the Ancients
125907 | Tomb:3   | Found the +7 sceptre of Torment {pain, torment}
126392 | Tomb:3   | HP: 10/273 [poisoned by an ushabti (dark miasma)]
126845 | Tomb:3   | HP: 12/273 [poisoned by an ushabti (dark miasma)]
126846 | Tomb:2   | HP: 1/273 [poisoned by an ushabti (dark miasma)]
128304 | Tomb:3   | Found the +11 Singing Sword {sonic wave}
128361 | Tomb:3   | Identified the +6 fire dragon scales of Sin {rF++ rC- Will+
                  | Str+4 Int+2 Dex-3}
128379 | Tomb:3   | HP: 9/273 [ushabti] (16)]
130018 | Tomb:3   | Got a golden rune of Zot
130212 | Tomb:3   | Identified the +1 pair of gloves of the Harvest {^Drain
                  | rElec Will+ Int+3}
130218 | Tomb:3   | Identified the +0 chain mail of Zapsuw {rCorr Int+3 Slay-6}
130242 | Tomb:3   | Identified the staff of the Endless Expanse {^Drain rF+
                  | Conj Earth}
130245 | Tomb:3   | Identified the +1 scale mail "Juasov" {rPois Str+4 Int-2}
130252 | Tomb:3   | Got the Volume of Violence
130365 | Tomb:3   | Identified the ring "Moekivu" {*Corrode rPois MP-9 Str+4
                  | Dex+4}
131643 | Zot:5    | Got the Orb of Zot
131949 | Depths:1 | Noticed Juixe the pandemonium lord
132200 | D:3      | Noticed Xole the pandemonium lord
132206 | D:3      | Killed Xole the pandemonium lord
132323 | D:1      | Lost mutation: You are partially covered in large bone
                  | plates. (SH +4) [potion of mutation]
132323 | D:1      | Lost mutation: Your flesh is heat resistant. (rF+) [potion
                  | of mutation]
132323 | D:1      | Gained mutation: Your natural rate of healing is unusually
                  | fast. [potion of mutation]
132323 | D:1      | Gained mutation: You are partially covered in iridescent
                  | scales. (AC +2) [potion of mutation]
132324 | D:1      | Lost mutation: Your mind is acute. (Int +4, Str/Dex -1)
                  | [potion of mutation]
132324 | D:1      | Lost mutation: You are partially covered in iridescent
                  | scales. (AC +2) [potion of mutation]
132324 | D:1      | Gained mutation: You have large cloven feet. [potion of
                  | mutation]
132324 | D:1      | Gained mutation: You are frail. (-10% HP) [potion of
                  | mutation]
132324 | D:1      | Gained mutation: You have hidden genetic potential. [potion
                  | of mutation]
132325 | D:1      | Lost mutation: You have large cloven feet. [potion of
                  | mutation]
132325 | D:1      | Lost mutation: Your natural rate of healing is unusually
                  | fast. [potion of mutation]
132325 | D:1      | Lost mutation: You have hidden genetic potential. [potion
                  | of mutation]
132325 | D:1      | Gained mutation: You occasionally lose the ability to drink
                  | potions when taking damage. [potion of mutation]
132325 | D:1      | Gained mutation: You have a pair of small antennae on your
                  | head. [potion of mutation]
132325 | D:1      | Lost mutation: You have a pair of small antennae on your
                  | head. [potion of mutation]
132325 | D:1      | Gained mutation: You have supernaturally acute eyesight.
                  | (SInv) [potion of mutation]
132326 | D:1      | Lost mutation: You occasionally lose the ability to drink
                  | potions when taking damage. [potion of mutation]
132326 | D:1      | Lost mutation: Your spells are a little harder to cast, but
                  | a little more powerful. [potion of mutation]
132326 | D:1      | Lost mutation: You are frail. (-10% HP) [potion of
                  | mutation]
132327 | D:1      | Lost mutation: Your movements are slightly less encumbered
                  | by armour. (ER -2) [potion of mutation]
132327 | D:1      | Lost mutation: You have supernaturally acute eyesight.
                  | (SInv) [potion of mutation]
132327 | D:1      | Gained mutation: You have a somewhat thin skeletal
                  | structure. (Dex +2, Stealth+) [potion of mutation]
132327 | D:1      | Gained mutation: Your spells are a little harder to cast,
                  | but a little more powerful. [potion of mutation]
132327 | D:1      | Gained mutation: Potions are less effective at restoring
                  | your health. [potion of mutation]
132327 | D:1      | Gained mutation: Your mind is acute. (Int +4, Str/Dex -1)
                  | [potion of mutation]
132328 | D:1      | Lost mutation: Your mind is acute. (Int +4, Str/Dex -1)
                  | [potion of mutation]
132328 | D:1      | Lost mutation: You have a somewhat thin skeletal structure.
                  | (Dex +2, Stealth+) [potion of mutation]
132328 | D:1      | Lost mutation: Potions are less effective at restoring your
                  | health. [potion of mutation]
132328 | D:1      | Gained mutation: You are frail. (-10% HP) [potion of
                  | mutation]
132328 | D:1      | Gained mutation: Your spells are harder to cast, but more
                  | powerful. [potion of mutation]
132329 | D:1      | Lost mutation: You are frail. (-10% HP) [potion of
                  | mutation]
132329 | D:1      | Lost mutation: Your spells are harder to cast, but more
                  | powerful. [potion of mutation]
132329 | D:1      | Gained mutation: You expend magic power (3 MP) to
                  | strengthen your wands. [potion of mutation]
132329 | D:1      | Gained mutation: You do not regenerate when monsters are
                  | visible. [potion of mutation]
132330 | D:1      | Lost mutation: You do not regenerate when monsters are
                  | visible. [potion of mutation]
132330 | D:1      | Lost mutation: Your spells are a little harder to cast, but
                  | a little more powerful. [potion of mutation]
132330 | D:1      | Lost mutation: You expend magic power (3 MP) to strengthen
                  | your wands. [potion of mutation]
132330 | D:1      | Gained mutation: Potions are less effective at restoring
                  | your health. [potion of mutation]
132330 | D:1      | Gained mutation: You are frail. (-10% HP) [potion of
                  | mutation]
132332 | D:$      | Escaped with the Orb!

Illustrated notes

Levels and vault maps discovered:
D:1:      amcnicky_arrival_abandoned_market, layout_basic,
          shapermc_ecumenical_altar_venn, minmay_surrounded
D:2:      cheibrodos_old_hovel, layout_loops_cross
D:3:      layout_rooms, amcnicky_altar_gilded, mainiacjoe_overflow_paths,
          mainiacjoe_overflow_tiny_flanked, minivault_14,
          kennysheep_generic_room_15, uniq_crazy_yiuf_cottage
D:4:      layout_layer_cave, minmay_temple_entry_offerings, uniq_eustachio,
          uniq_menkaure
D:5:      layout_gridville, nicolae_overflow_hallway_of_the_gods
D:6:      layout_gridville
D:7:      layout_basic, uniq_joseph, uniq_maggie, uniq_prince_ribbit1
D:8:      layout_rooms, serial_shops, nicolae_shop_stone,
          minmay_tree_intersection
D:9:      layout_cave_pools, dpeg_lair_monsters, nicolae_island_escapes
D:10:     layout_roguey, mainiacjoe_overflow_alcove_2, grunt_ministairs_4,
          hangedman_tell_no_tales
D:11:     layout_loops_corners, david_orc_5
D:12:     layout_loops_ring, hangedman_cracks_in_the_wall
D:13:     layout_loops_ring, gammafunk_ghost_nasty_kobolds, wad_scary_box,
          uniq_josephine
D:14:     layout_stronghold, david_vaults_4
D:15:     grunt_enter_depths_hoard, layout_loops_ring, enter_trove_0,
          gauntlet_entry_generic, serial_shops, nicolae_shop_stone,
          hangedman_decor_diamond_cutter
Temple:   oiseaux_autumnal_temple
Lair:1:   hellmonk_ruined_rings, layout_loops_ring, basic_altar
Lair:2:   layout_regular_city, nicolae_shoals_entry_flooding, grunt_megastairs_5
Lair:3:   nzn_winding_woodlands_stair_cross [nzn_winding_woodlands_5x15_pool,
          nzn_winding_woodlands_center_pierced_h,
          nzn_winding_woodlands_5x15_cabin, nzn_winding_woodlands_hourglass,
          nzn_winding_woodlands_5x5_closed_star,
          nzn_winding_woodlands_5x15_sidewinder,
          nzn_winding_woodlands_center_garden, nzn_winding_woodlands_5x15_eye],
          layout_loops_ring, minmay_snake_entry_guardpost_small,
          serial_bayou_pond_d, nicolae_quartered_pool_medium
Lair:4:   layout_hall_layers, uniq_snorg
Lair:5:   hangedman_lair_tendril_chambers, layout_gridlike,
          guppyfry_lair_end_dragon, minmay_slime_entry_oklob_enclosed,
          nicolae_volcano_entry_hallway, minivault_23,
          dreamdust_mushroom_princess
Shoals:1: layout_shoals, serial_shops, nicolae_shop_real_fake_doors,
          portal_ice_cave_entry_pillars_four, nicolae_shop_unique_rings,
          nicolae_shoals_siren_and_animal_friends
Shoals:2: layout_shoals, serial_shops, shop, uniq_frances
Shoals:3: layout_shoals
Shoals:4: shoals_end_simple, layout_shoals
Snake:1:  layout_honeycomb, grunt_ministairs_2, nicolae_snake_double_loop,
          lemuel_fruit_tree
Snake:2:  layout_onion, nicolae_snake_salamander_fort, grunt_megastairs_1
Snake:3:  layout_chambers, serial_shops, nicolae_shop_waterfront,
          serial_bayou_shore_b, minmay_shoptagon
Snake:4:  snake_pit, layout_cave_town, st_stairs_8, drop_trap,
          nicolae_snake_gridmaze_zigzag, uniq_aizul, uniq_vashnia
Slime:1:  layout_caves, nicolae_slime_barrier
Slime:2:  layout_caves
Slime:3:  layout_caves, nicolae_slime_round_cave
Slime:4:  layout_caves
Slime:5:  slime_pit_nicolae_jellycorners
Orc:1:    layout_caves, serial_shops, shop,
          nicolae_orc_all_along_the_watchtower, uniq_erica
Orc:2:    st_orc_pillars, layout_diamond_mine
Elf:1:    layout_loops_cross, minmay_elf_sorcery, uniq_jorgrun, uniq_asterion
Elf:2:    elven_hall_of_blades_hangedman_original
          [nicolae_blade_entry_area_security], layout_onion_city, basic_altar,
          nicolae_alphabet_shops, uniq_norris
Elf:3:    elf_hall, layout_loops_corners, serial_sigils_hangedman_carve,
          uniq_mara
Vaults:1: vaults_room_ringed_pool, vaults_room_stairs_pillars,
          nicolae_vaults_shipping_containers_3, vaults_standard_mumra_x,
          v_misc_30, vaults_room_grunt_arrival_checkpoint,
          layout_vaults_omnigrid
Vaults:2: nicolae_vaults_ring_of_whatevers, serial_library_hellmonk_open_cross,
          nicolae_vaults_storage_room_statues, st_greater_box_1,
          nicolae_vaults_cornered_office, nicolae_vaults_little_squares_3,
          ontoclasm_vaults_pinch, nicolae_vaults_alarming,
          nicolae_vaults_sesquioval_fish, layout_vaults_omnicross
Vaults:3: vaults_mumra_hex, ontoclasm_vaults_spin, v_misc_4,
          nicolae_vaults_shelves_hall, nicolae_vaults_cornered_office,
          minmay_crypt_entry_nasty_monster, nicolae_vaults_little_squares_5,
          v_misc_15, nicolae_vaults_three_branches, v_misc_26, v_alt_pattern_1,
          vaults_room_semicircle, layout_vaults_ring, serial_shops, shop
Vaults:4: portal_desolation_entry_nicolae_forbidding_blocks, v_rooms_2,
          nicolae_vaults_twisting_passages, v_misc_27, hangedman_vaults_slice,
          nicolae_vaults_network_quincunx
          [nicolae_vaults_network_quincunx_subvault,
          nicolae_vaults_network_quincunx_subvault,
          nicolae_vaults_network_quincunx_subvault,
          nicolae_vaults_network_quincunx_subvault,
          nicolae_vaults_network_quincunx_subvault], nicolae_vaults_turnstiles,
          nicolae_vaults_house_3, nicolae_vaults_diamond_2,
          layout_vaults_maze_bifur, serial_shops, nicolae_shop_window_shopping,
          uniq_boris
Vaults:5: uniq_jory
Crypt:1:  layout_catacombs, ebering_ghost_inner_flame, beargit_elvish_explorers,
          grunt_crypt_arrival_webbed
Crypt:2:  hangedman_hall_of_fallen_heroes, layout_basic, minivault_4,
          minivault_27, weyrava_lich_vault
Crypt:3:  cryptofortress_bobbens, uniq_mennas, uniq_vv
Tomb:1
Tomb:2
Tomb:3
Depths:1: layout_forbidden_donut, enter_ziggurat_e, lightli_too_deep,
          minmay_misc_feat_pillars, minivault_16, guppyfry_shop_blood,
          grunt_megastairs_3
Depths:2: hellmonk_hyper_hexagons [hex_subvault_rooms, hex_subvault_angles,
          hex_subvault_dug_out, hex_subvault_bell, hex_subvault_uneven,
          hex_subvault_rings], hell_entry, abyss_entry, serial_shops, pan_entry
Depths:3: minmay_the_grid_3x2 [minmay_the_grid_empty, minmay_the_grid_armoury,
          minmay_the_grid_outer_circle, minmay_the_grid_broken_lines,
          minmay_the_grid_spikes, minmay_the_grid_prize_shrinking_boxes],
          layout_basic, rand_demon_pan_entry_3, abyss_entry_glasseish,
          hell_entry, hellmonk_sif_muna_bookshelves
Depths:4: evilmike_zot_entry_basic, layout_gridlike, grunt_pan_entry_zigzag,
          hell_entry, abyss_entry, minmay_misc_feat_encased, minmay_shop_grove,
          serial_bayou_shore_b
Hell
Dis:1:    layout_jigsaw
Dis:2:    layout_gridville
Dis:3:    nicolae_dis_hell_towers
Dis:4:    layout_regular_city
Dis:5:    layout_subdivisions
Dis:6:    layout_regular_city, nicolae_hells_hurtin_island
Dis:7:    iron_city_of_dis [dis_grunt, dis_wall_4], layout_gridville
Geh:1:    layout_gehenna_pools_basic
Geh:2:    layout_gehenna_lava_caves
Geh:3:    layout_gehenna_lava_caves
Geh:4:    hangedman_generic_boss_arena
Geh:5:    layout_gehenna_pools_box
Geh:6:    layout_gehenna_pools_box, lemuel_flamethrower_3
Geh:7:    geh_grunt_pentagon
Coc:1:    layout_cocytus_water_paths
Coc:2:    layout_ice_bergs
Coc:4:    layout_cocytus_delve
Coc:5:    layout_cocytus_delve
Coc:6:    layout_cocytus_delve
Coc:7:    coc_grunt_cove [coc_grunt_cove_antaeus, coc_grunt_cove_fiend,
          coc_grunt_cove_fiend, coc_grunt_cove_fiend, coc_grunt_cove_fiend]
Tar:1:    layout_honeycomb, nicolae_tar_cuneiform_three,
          nicolae_tar_cuneiform_two
Tar:2:    layout_grid_maze
Tar:3:    layout_catacombs
Tar:4:    layout_catacombs
Tar:5:    layout_catacombs, nicolae_tar_cuneiform_to_be
Tar:6:    layout_catacombs, nicolae_tar_cuneiform_three
Tar:7:    tar_mu [tar_mu_maze]
Zot:1:    layout_misc_corridors, nicolae_lava_and_water, st_stairs_8,
          regret_index_zotdec_banners, uniq_josephina
Zot:2:    layout_basic, grunt_megastairs_4
Zot:3:    layout_onion_interference, regret_index_zotdec_magical_s,
          zot_minivault_5, uniq_tiamat
Zot:4:    layout_concentric_octagons, regret_index_zotdec_barnacled_alternative
Zot:5:    layout_onion, st_stairs_8

Skill      XL: |  1  2  3  4  5  6  7  8  9 10 11 12 13 14 15 16 17 18 19 20 21 22 23 24 25 26 27 |
---------------+----------------------------------------------------------------------------------+-----
Stealth        | 1 3 9 27 | 27.0
Fighting       | 2 3 4 5 6 7 8 9 10 12 14 15 16 17 19 21 22 23 24 26 27 | 27.0
Dodging        | 2 3 4 5 6 7 8 9 10 12 14 18 19 21 22 23 24 26 27 | 27.0
Ranged Weapons | 4 5 7 9 10 11 14 15 17 18 19 21 22 24 25 26 27 | 27.0
Armour         | 1 2 3 6 9 22 | 22.4
Short Blades   | 8 26 | 26.5
Long Blades    | 27 | 27.0

Action                     |  1- 3 |  4- 6 |  7- 9 | 10-12 | 13-15 | 16-18 | 19-21 | 22-24 | 25-27 || total
---------------------------+-------+-------+-------+-------+-------+-------+-------+-------+-------++-------
  Melee: Flamberge         |       |       |       |       |       |       |       |       |   919 ||   919
         Quick blade       |       |       |       |       |       |       |       |       |   650 ||   650
         Katana            |       |       |       |       |       |       |       |       |   301 ||   301
         Punch             |       |       |       |       |       |       |       |       |    19 ||    19
   Fire: Shortbow          |   139 |   209 |   100 |       |       |       |       |       |       ||   448
         Arbalest          |       |       |   145 |   525 |  1272 |   727 |   131 |       |       ||  2800
         Orcbow            |       |       |    25 |   164 |       |       |       |    53 |       ||   242
         Longbow           |       |       |       |       |       |   758 |  1522 |  1296 |  3229 ||  6805
         Triple crossbow   |       |       |       |       |       |       |       |   293 |  1735 ||  2028
  Throw: Throwing net      |       |     1 |     1 |       |       |       |       |       |     6 ||     8
  Evoke: Wand              |       |       |    12 |     2 |     2 |     1 |     2 |       |     8 ||    27
         Phantom mirror    |       |       |       |       |       |       |       |       |     5 ||     5
         Phial of floods   |       |       |       |       |       |       |       |       |     1 ||     1
    Use: Scroll            |     4 |     5 |     8 |     9 |    10 |     9 |     6 |    14 |    61 ||   126
         Potion            |       |     2 |       |     1 |     8 |     2 |     3 |     4 |   103 ||   123
   Stab: Sleeping          |       |       |       |       |       |       |       |       |    42 ||    42
         Distracted        |       |       |       |       |       |       |       |       |    33 ||    33
         Invisible         |       |       |       |       |       |       |       |       |     7 ||     7
 Armour: Leather armour    |    46 |    23 |       |       |       |       |       |       |       ||    69
         Robe              |       |    16 |    99 |    69 |    57 |       |       |       |       ||   241
         Skin              |       |     3 |       |       |       |       |       |       |       ||     3
         Troll leather arm |       |       |       |   125 |   197 |   334 |   160 |       |       ||   816
         Chain mail        |       |       |       |     1 |       |       |       |       |       ||     1
         Steam dragon scal |       |       |       |       |       |       |    73 |   170 |   655 ||   898
  Dodge: Dodged            |    44 |    56 |   106 |   354 |   556 |   905 |   985 |  1133 |  4799 ||  8938
  Block: Other             |       |       |       |       |       |       |       |       |   303 ||   303
